 Dungeon Crawl Stone Soup version 0.26-a0-34-g9e0bf03589 (webtiles) character file.

Game seed: 440244253668860067, levelgen mode: deterministic

780 Masnef the Firebug (level 7, 0/65 HPs)
             Began as an Ogre Fire Elementalist on May 29, 2020.
             Slain by a centaur (6 damage)
             ... on level 6 of the Dungeon.
             The game lasted 00:16:13 (6933 turns).

Masnef the Firebug (Ogre Fire Elementalist)         Turns: 6933, Time: 00:16:14

Health: 0/65       AC:  3    Str: 13    XL:     7   Next: 85%
Magic:  12/20      EV: 10    Int: 18    God:
Gold:   336        SH:  0    Dex:  9    Spells: 4/11 levels left

rFire    . . .     SeeInvis .   b - +0 mace
rCold    . . .     Gourm    .   (no shield)
rNeg     . . .     Faith    .   a - +0 robe
rPois    .         Spirit   .   (helmet restricted)
rElec    .         Reflect  .   (no cloak)
rCorr    .         Harm     .   (gloves unavailable)
MR       .....                  (boots unavailable)
Stlth    +.........             x - amulet of the acrobat
HPRegen  0.20/turn              l - +4 ring of slaying
MPRegen  0.17/turn              p - ring of magical power

@: very slightly contaminated
A: large, unfitting armour, tough skin 1
a: no special abilities


You were on level 6 of the Dungeon.
You were not hungry.

You visited 1 branch of the dungeon, and saw 6 of its levels.

You collected 336 gold pieces.

Inventory:

Hand Weapons
 b - a +0 mace (weapon)
Missiles
 d - 114 arrows
Armour
 a - a +0 robe (worn)
 m - a +2 kite shield
Magical Staves
 y - an uncursed staff of energy
Jewellery
 l - a +4 ring of slaying (left hand)
 p - a ring of magical power (right hand)
 t - an uncursed ring of poison resistance
 v - an uncursed ring of wizardry
 x - an amulet of the acrobat (around neck)
 E - a +4 ring of protection {unknown}
Wands
 w - a wand of enslavement (7)
 C - a wand of acid (9)
Scrolls
 f - 2 scrolls of identify
 h - a scroll of fog {unknown}
 k - 2 scrolls of remove curse
 n - 2 scrolls of random uselessness {unknown}
 o - a scroll of blinking {unknown}
 r - 3 scrolls of magic mapping {unknown}
 s - 2 scrolls of amnesia {unknown}
 u - 5 scrolls of enchant armour {unknown}
Potions
 e - 2 potions of cancellation
 g - 4 potions of flight
 i - 2 potions of curing {unknown}
 j - 3 potions of brilliance {unknown}
 q - 2 potions of magic {unknown}
 z - a potion of stabbing {unknown}
 A - 2 potions of degeneration {unknown}
 B - 2 potions of invisibility {unknown}
 D - a potion of haste {unknown}
Comestibles
 c - 7 rations


   Skills:
 + Level 2.3 Fighting
 + Level 3.0 Maces & Flails
 + Level 2.4 Dodging
 - Level 1.4 Stealth
 * Level 2.6 Shields
 * Level 2.8 Spellcasting
 * Level 3.3 Conjurations
 * Level 0.8 Translocations
 * Level 5.0 Fire Magic


You had 4 spell levels left.
You knew the following spells:

 Your Spells              Type           Power        Failure   Level  Hunger
a - Foxfire               Conj/Fire      ###.         3%          1    None
b - Blink                 Tloc           N/A          19%         2    ##.....
c - Sticky Flame          Conj/Fire      ###.....     28%         4    ####...

Your spell library contained the following spells:

 Spells                   Type           Power        Failure   Level  Hunger
 Magic Dart               Conj           ##..         4%          1    None
 Conjure Flame            Conj/Fire      ###.....     9%          3    ###....
 Apportation              Tloc           #.....       12%         1    None
 Animate Skeleton         Necr           N/A          17%         1    None
 Corona                   Hex            #......      17%         1    None
 Summon Small Mammal      Summ           #...         17%         1    None
 Inner Flame              Hex/Fire       ##......     17%         3    ###....
 Call Imp                 Summ           #.......     26%         2    ##.....
 Passwall                 Tmut/Erth      #.......     26%         2    ##.....
 Slow                     Hex            #.......     26%         2    ##.....
 Swiftness                Chrm/Air       #.......     26%         2    ##.....
 Mephitic Cloud           Conj/Pois/Air  #.......     32%         3    ###....
 Portal Projectile        Hex/Tloc       #.....       38%         3    ###....
 Passage of Golubria      Tloc           N/A          75%         4    ####...
 Cause Fear               Hex            #.........   86%         4    ####...
 Leda's Liquefaction      Hex/Erth       #.........   86%         4    ####...
 Fireball                 Conj/Fire      ###.......   63%         5    ######.
 Lee's Rapid Deconstruct  Erth           #.........   99%         5    ######.
 Darkness                 Hex            #.........   100%        6    #######
 Invisibility             Hex            #.......     100%        6    #######


Dungeon Overview and Level Annotations

Branches:
Dungeon (6/15)
 Temple: D:4-7

Altars:
Sif Muna


Innate Abilities, Weirdness & Mutations

You are too large for most types of armour.
You have tough skin. (AC +1)


Message History

Casting: Sticky Flame (quite dangerous; 28% risk of failure)
Confirm with . or Enter, or press ? or * to list all spells.
The spell is quite dangerous to cast (28% risk of failure)!
Continue anyway? [Y]es or [N]o only, please.
The spell is quite dangerous to cast (28% risk of failure)!
Continue anyway? [Y]es or [N]o only, please.
The spell is quite dangerous to cast (28% risk of failure)!
Continue anyway?
Aiming: Sticky Flame (quite dangerous; 28% risk of failure)
Press: ? - help, Shift-Dir - straight line, f/p - centaur
Aim: a centaur, quivering 19 arrows You miscast Sticky Flame.
You feel uncomfortably hot!
You are starving!
The centaur hits you!
* * * LOW HITPOINT WARNING * * *
Unknown command.
You eat one of the 8 rations.
That ration really hit the spot!
The centaur hits you!
* * * LOW HITPOINT WARNING * * *
The centaur hits you.
You die...

#### <..# ######## ##.#
#...(@.# #.# #.####c#
#.#########.# #.#
#........>..# #.########
################.........
#.(......... #.######.#.#
#(.(....... #.######. #


You could see a centaur.

Vanquished Creatures
  2 sky beasts (D:5)
  2 ogres
  A bullfrog zombie (D:6)
  2 jellies
  2 hounds (D:5)
  A centaur skeleton (D:6)
  An orc priest (D:3)
  2 worker ants
  8 adders
  A shadow imp (D:5)
  4 worms
  A dart slug (D:1)
  4 leopard geckos
  5 orcs
  4 giant cockroaches (D:3)
  5 goblins
  5 hobgoblins
  2 jackals (D:1)
  4 kobolds
  3 quokkas
  A ball python (D:1)
  11 bats
  6 frilled lizards
  5 rats
82 creatures vanquished.

Vanquished Creatures (others)
  198 foxfires
198 creatures vanquished.

Grand Total: 280 creatures vanquished

Notes
Turn   | Place    | Note
-------+----------+-------------------------------------------
     0 | D:1      | Masnef the Ogre Fire Elementalist began the quest for the
                  | Orb.
     0 | D:1      | Reached XP level 1. HP: 16/16 MP: 3/3
   133 | D:1      | Reached skill level 3 in Fire Magic
   269 | D:1      | Reached XP level 2. HP: 24/24 MP: 3/5
  1100 | D:2      | Reached XP level 3. HP: 31/31 MP: 4/6
  1383 | D:2      | Found a faded altar of an unknown god.
  2109 | D:2      | Reached skill level 4 in Fire Magic
  2528 | D:3      | Reached XP level 4. HP: 34/39 MP: 4/7
  2536 | D:3      | Learned a level 4 spell: Sticky Flame
  2994 | D:3      | Reached skill level 1 in Maces & Flails
  2994 | D:3      | Reached skill level 1 in Conjurations
  3048 | D:3      | Reached skill level 1 in Shields
  3079 | D:3      | Reached XP level 5. HP: 22/46 MP: 2/8
  3136 | D:3      | Found a glowing drain.
  4611 | D:4      | Noticed an ogre
  4632 | D:4      | Killed an ogre
  4632 | D:4      | Reached skill level 1 in Fighting
  4632 | D:4      | Reached XP level 6. HP: 41/55 MP: 9/9
  5143 | D:5      | Entered Level 5 of the Dungeon
  5296 | D:5      | Noticed a sky beast
  5311 | D:5      | Killed a sky beast
  5311 | D:5      | Reached XP level 7. HP: 40/62 MP: 10/10
  5578 | D:5      | Learned a level 2 spell: Blink
  5629 | D:5      | Found a shimmering blue altar of Sif Muna.
  6151 | D:5      | Reached skill level 5 in Fire Magic
  6933 | D:6      | Slain by a centaur

Illustrated notes

Levels and vault maps discovered:
D:1:      psy_arrival_dodecagon, layout_basic
D:2:      layout_loops_corners, chequers_ecumenical_altar_simple
D:3:      layout_loops_cross, portal_sewer_entry_f, first_ration,
          kennysheep_nondescript
D:4:      layout_basic
D:5:      layout_layer_cave, led_sif_pool
D:6:      layout_loops_ring, temple_doors_e, uniq_grinder

Skill      XL: |  1  2  3  4  5  6  7 |
---------------+----------------------+-----
Fire Magic     | 3 4 5 |  5.0
Maces & Flails | 1 2 3 |  3.0
Conjurations   | 1 2 3 |  3.3
Dodging        | 2 |  2.4
Shields        | 1 2 |  2.6
Fighting       | 1 2 |  2.3
Stealth        | |  1.4
Spellcasting   | |  2.8
Translocations | |  0.8

Action                   |  1- 3 |  4- 6 |  7- 9 || total
-------------------------+-------+-------+-------++-------
Melee: Unarmed           |    36 |       |       ||    36
       Mace              |    25 |    49 |    29 ||   103
 Cast: Foxfire           |    40 |    65 |    26 ||   131
  Use: Scroll            |       |     3 |     1 ||     4
 Stab: Sleeping          |     4 |     1 |       ||     5
       Distracted        |       |     1 |       ||     1
  Eat: Chunk             |     5 |     6 |       ||    11
       Ration            |       |     1 |     2 ||     3
Armor: Robe              |    23 |    15 |     6 ||    44
Dodge: Dodged            |    48 |    48 |    26 ||   122
Block: Kite shield       |     5 |       |       ||     5

Table legend:
 A = Non-vault XP
 B = Vault XP
 C = Vault XP percentage of total XP
 D = Non-vault monster count
 E = Vault monster count
 F = Vault count percentage of total count
                 A         B        C        D         E       F
            +---------+---------+-------+---------+---------+-------
      Total |    1103 |      12 |   1.1 |      77 |       5 |   6.1
            +---------+---------+-------+---------+---------+-------
        D:1 |      33 |       0 |   0.0 |      20 |       0 |   0.0
        D:2 |      42 |       0 |   0.0 |       9 |       0 |   0.0
        D:3 |     117 |      12 |   9.3 |      28 |       5 |  15.2
        D:4 |     202 |       0 |   0.0 |       7 |       0 |   0.0
        D:5 |     576 |       0 |   0.0 |      10 |       0 |   0.0
        D:6 |     133 |       0 |   0.0 |       3 |       0 |   0.0
            +---------+---------+-------+---------+---------+-------
